 Dungeon Crawl Stone Soup version 0.25-a0-949-gdd2af9e06e (webtiles) character file.

Game seed: 16897266467582829888, levelgen mode: deterministic

1465 Maedhros the Martial Artist (level 8, 0/49 HPs)
             Began as an Octopode Artificer on May 8, 2020.
             Slain by a sky beast (4 damage)
             ... on level 9 of the Dungeon.
             The game lasted 00:10:20 (1534 turns).

Maedhros the Martial Artist (Octopode Artificer)    Turns: 1534, Time: 00:10:21

Health: 0/49       AC:  2    Str: 13    XL:     8   Next: 77%
Magic:  10/10      EV: 13    Int: 14    God:
Gold:   127        SH:  0    Dex: 14    Spells: 7/7 levels left

rFire    . . .     SeeInvis .   i - +2 hunting sling (freeze)
rCold    . . .     Gourm    .   (no shield)
rNeg     . . .     Faith    .   (helmet restricted)
rPois    +         Spirit   .   (no amulet)
rElec    .         Reflect  .   (no ring)
rCorr    .         Harm     .   (no ring)
MR       .....                  (no ring)
Stlth    ++++......             (no ring)
HPRegen  0.16/turn              (no ring)
MPRegen  0.12/turn              (no ring)
                                (no ring)
                                (no ring)

@: no status effects
A: almost no armour, stealthy swim, amphibious, 8 rings, constrict 8, rugged
brown scales 1, camouflage 1, poison resistance, screaming 1, strong 1,
gelatinous body 1
a: no special abilities


You were on level 9 of the Dungeon.
You were hungry.

You visited 2 branches of the dungeon, and saw 10 of its levels.

You collected 127 gold pieces.

Inventory:

Hand Weapons
 i - a +2 hunting sling of freezing (weapon)
 o - a +2 whip of electrocution
Missiles
 j - 28 sling bullets (quivered)
 l - 27 stones
Jewellery
 n - an uncursed amulet of magic regeneration
Wands
 b - a wand of flame (4)
 d - a wand of random effects (3)
Scrolls
 e - 2 scrolls of remove curse
 h - a scroll of enchant weapon
 p - a scroll of vulnerability
Comestibles
 f - 6 rations


   Skills:
 - Level 1.0 Fighting
   Level 1.0 Short Blades
 - Level 2.0 Dodging
 - Level 4.0 Stealth
 + Level 10.1 Unarmed Combat
 - Level 3.2 Evocations


You had 7 spell levels left.
You didn't know any spells.
Your spell library was empty.

Dungeon Overview and Level Annotations

Branches:
Dungeon (9/15)             Temple (1/1) D:6
   Lair: D:8-11         Orc: D:9-12

Altars:
Dithmenos
Gozag
Hepliaklqana
Okawaru
Qazlal
Ru
Sif Muna
Trog
Wu Jian
Yredelemnul
Zin

Shops:
D:4 *   D:8 }


Innate Abilities, Weirdness & Mutations

You cannot wear most types of armour.
You are very stealthy in the water. (Stealth+)
You are amphibious.
You can wear up to eight rings at the same time.
You can use your tentacles to constrict eight enemies at once.
Your skin changes colour to match your surroundings (Stealth+).
Your rubbery body absorbs attacks. (AC +1, EV +1)
You are partially covered in rugged brown scales. (AC +1, +3% HP)
Your system is resistant to poisons. (rPois)
You occasionally shout uncontrollably at your foes.
Your muscles are strong. (Str +2)


Message History

There is a stone staircase leading down here.
Unknown command.
Okay, then.
You aren't carrying any potions.
Evoke which item? (* to show all) (? for menu, Esc to quit)
Okay, then.
Sorry, you're not good enough to have a special ability.
You aren't carrying any potions.
Evoke which item? (* to show all) (? for menu, Esc to quit)
Okay, then.
Sorry, you're not good enough to have a special ability.
Okay, then.
The gnoll hits you from afar with a +0 spear.
* * * LOW HITPOINT WARNING * * *
You climb downwards.
The sky beast hits you.
* * * LOW HITPOINT WARNING * * *
The sky beast shocks you.
* * * LOW HITPOINT WARNING * * *
The sky beast hits you.
You die...

*********,*
#..,,,,_,,,,,,***,*
,,,,,,,,,,*
#..,,,,,,,,,,,,,,,*
,**,,,***,*
#..,,,,,,,,,,****,*
,,,,*** *,*
#.#**,,,,,**** *,* ,****
#,* #.# *,,,,,* *,* ,*
#.* #.###,,,,,** *,* ,*
#.#####...#**,*,,* *,* ,*
#.........# *,,,,* *,, ,*
#......Y@.# ***,,* *,,
,*****###.........# *,,*
*** ,,,,,,............#
*,,* ##*≈
********#.........# *,,*
##≈≈≈ * #.........# *,,*
##≈≈.# *
#.........#####..* #≈≈.##
*
#................*##≈≈.#.
*
#................*#≈≈≈.#.
*
#.........####...**#≈≈.##


You could see a sky beast.

Vanquished Creatures
  Grinder (D:3)
  A killer bee (D:7)
  Sigmund (D:2)
  2 ogres
  An orc warrior (D:9)
  2 bullfrogs
  A wight (D:9)
  A hound (D:5)
  An iguana (D:9)
  7 orc wizards
  A hound zombie (D:6)
  3 gnolls (D:6)
  2 adders
  A shadow imp (D:6)
  An ooze (D:5)
  A dart slug (D:1)
  A leopard gecko (D:2)
  12 orcs
  3 giant cockroaches (D:1)
  4 goblins (D:1)
  2 hobgoblins
  4 kobolds
  A quokka (D:6)
  2 bats
  2 frilled lizards (D:2)
  4 rats (D:1)
62 creatures vanquished.

Vanquished Creatures (collateral kills)
  A centaur (D:7)
  A sky beast (D:7)
  An ogre (D:7)
  A killer bee (D:7)
  A bullfrog (D:7)
  A worker ant (D:4)
  A hound skeleton (D:7)
  3 gnolls (D:4)
  An orc (D:7)
  A quokka (D:4)
  A butterfly (D:4)
13 creatures vanquished.

Vanquished Creatures (others)
  A killer bee (D:7)
  A hound (D:4)
  An adder (D:4)
  A shadow imp (D:4)
  A leopard gecko (D:7)
5 creatures vanquished.

Grand Total: 80 creatures vanquished

Notes
Turn   | Place    | Note
-------+----------+-------------------------------------------
     0 | D:1      | Maedhros the Octopode Artificer began the quest for the
                  | Orb.
     0 | D:1      | Reached XP level 1. HP: 13/13 MP: 3/3
   243 | D:1      | Reached XP level 2. HP: 17/18 MP: 4/4
   476 | D:2      | Reached XP level 3. HP: 20/23 MP: 5/5
   492 | D:2      | Noticed Sigmund
   498 | D:2      | Killed Sigmund
   498 | D:2      | Reached skill level 4 in Unarmed Combat
   498 | D:2      | Reached XP level 4. HP: 21/28 MP: 6/6
   498 | D:2      | Reached XP level 5. HP: 25/33 MP: 7/7
   551 | D:3      | Noticed Grinder
   557 | D:3      | Killed Grinder
   557 | D:3      | Reached skill level 5 in Unarmed Combat
   557 | D:3      | Reached XP level 6. HP: 12/38 MP: 8/8
   601 | D:4      | Reached skill level 6 in Unarmed Combat
   631 | D:4      | Found Plog's Assorted Antiques.
   653 | D:4      | Reached XP level 7. HP: 19/43 MP: 9/9
   702 | D:4      | Reached skill level 7 in Unarmed Combat
   725 | D:5      | Entered Level 5 of the Dungeon
   750 | D:4      | Gained mutation: You occasionally shout uncontrollably at
                  | your foes. [potion of mutation]
   750 | D:4      | Gained mutation: Your system is resistant to poisons.
                  | (rPois) [potion of mutation]
   750 | D:4      | Gained mutation: Your muscles are strong. (Str +2) [potion
                  | of mutation]
   750 | D:4      | Gained mutation: You are partially covered in rugged brown
                  | scales. (AC +1, +3% HP) [potion of mutation]
   865 | D:4      | Found an iron altar of Okawaru.
   914 | D:5      | Found an ornate altar of the Wu Jian Council.
  1032 | D:6      | Reached skill level 8 in Unarmed Combat
  1039 | D:6      | Found a staircase to the Ecumenical Temple.
  1047 | Temple   | Entered the Ecumenical Temple
  1138 | D:6      | Reached XP level 8. HP: 44/49 MP: 10/10
  1188 | D:7      | Reached skill level 9 in Unarmed Combat
  1197 | D:7      | Killed a killer bee
  1228 | D:7      | You fall into a shaft and drop 2 floors!
  1447 | D:9      | Found a shimmering blue altar of Sif Muna.
  1449 | D:9      | Reached skill level 10 in Unarmed Combat
  1468 | D:9      | Noticed a two-headed ogre
  1532 | D:8      | Found Noyllya's Gadget Shoppe.
  1534 | D:9      | Slain by a sky beast

Levels and vault maps discovered:
D:1:      psy_arrival_radial01, layout_basic
D:2:      layout_rooms, grunt_temple_overflow_open, first_ration,
          minmay_stone_trees_large, uniq_terence, uniq_sigmund
D:3:      layout_basic, nicolae_tso_carved_into_rock,
          nicolae_overflow_crystal_walls, bh_walls_and_bars, uniq_grinder
D:4:      layout_rooms, xom_butterflies, kennysheep_okawaru_gauntlet,
          serial_shops, shop
D:5:      layout_loops_corners, lemuel_round_altar, basic_altar
D:6:      layout_cave_pods, dancing_weapons_uskayaw, ashenzari_altar_1,
          minmay_temple_entry_mini_moons, ebering_ghost_reflecting_pool
D:7:      layout_cave_pools, kennysheep_little_box
D:8:      layout_rooms, serial_shops, shop_statue,
          nicolae_shop_competitors_out_of_business, nicolae_ossuary_entry_plus,
          grunt_livestock, uniq_psyche
D:9:      kennysheep_orc_sif_temple, layout_long_grid, vehumet_statue,
          fedhas_altar_2, slow_altar_1, uniq_maggie
Temple:   nicolae_temple_figure_zero

Skill      XL: |  1  2  3  4  5  6  7  8 |
---------------+-------------------------+-----
Stealth        | 2 4 |  4.0
Unarmed Combat | 4 5 6 8 10 | 10.1
Fighting       | |  1.0
Short Blades   | |  1.0
Dodging        | |  2.0
Evocations     | |  3.2

Action                   |  1- 3 |  4- 6 |  7- 9 || total
-------------------------+-------+-------+-------++-------
Melee: Short sword       |    38 |     7 |     4 ||    49
       Constrict         |     8 |     2 |    10 ||    20
       Tentacles         |     4 |       |     6 ||    10
       Punch             |       |     1 |     1 ||     2
       Whip              |       |       |    28 ||    28
       Unarmed           |       |       |    16 ||    16
 Fire: Hunting sling     |       |       |     4 ||     4
Evoke: Wand              |     3 |    12 |    46 ||    61
  Use: Potion            |       |       |     5 ||     5
       Scroll            |       |       |     5 ||     5
 Stab: Sleeping          |     7 |     4 |     2 ||    13
       Distracted        |       |       |     1 ||     1
       Paralysed         |       |       |     1 ||     1
  Eat: Chunk             |       |       |     2 ||     2
Armor: Skin              |     1 |       |     3 ||     4
Dodge: Dodged            |    21 |     7 |    31 ||    59

Table legend:
 A = Non-vault XP
 B = Vault XP
 C = Vault XP percentage of total XP
 D = Non-vault monster count
 E = Vault monster count
 F = Vault count percentage of total count
                 A         B        C        D         E       F
            +---------+---------+-------+---------+---------+-------
      Total |    1341 |     753 |  36.0 |      69 |       7 |   9.2
            +---------+---------+-------+---------+---------+-------
        D:1 |      27 |       0 |   0.0 |      15 |       0 |   0.0
        D:2 |      24 |     208 |  89.7 |       8 |       1 |  11.1
        D:3 |       1 |     272 |  99.6 |       1 |       1 |  50.0
        D:4 |     321 |       0 |   0.0 |      16 |       0 |   0.0
        D:5 |      53 |       0 |   0.0 |       2 |       0 |   0.0
        D:6 |     344 |       0 |   0.0 |      16 |       0 |   0.0
        D:7 |     385 |       0 |   0.0 |       8 |       0 |   0.0
        D:9 |     186 |     273 |  59.5 |       3 |       5 |  62.5
            +---------+---------+-------+---------+---------+-------
